 Dungeon Crawl Stone Soup version 0.22-a0-848-ge9e22a0 (webtiles) character file.

25 Supahsalami the Stinger (level 3, -2/19 HPs)
             Began as a Gargoyle Venom Mage on July 27, 2018.
             Slain by a gnoll
             ... wielding a +0 halberd
              (16 damage)
             ... on level 1 of the Dungeon.
             The game lasted 00:01:50 (1039 turns).

Supahsalami the Stinger (Gargoyle Venom Mage)       Turns: 1039, Time: 00:01:51

Health: -2/19      AC:  6    Str: 12    XL:     3   Next: 6%
Magic:  6/6        EV: 12    Int: 15    God:
Gold:   70         SH:  0    Dex: 10    Spells: 5/6 levels left

rFire    . . .     SeeInvis .   b - +0 mace
rCold    . . .     Gourm    .   (no shield)
rNeg     + . .     Faith    .   a - +0 robe
rPois    ∞         Spirit   .   g - +0 helmet
rElec    +         Reflect  .   (no cloak)
rCorr    .         Harm     .   (no gloves)
MR       .....                  (no boots)
Stlth    ++........             (no amulet)
HPRegen  0.06/turn              (no ring)
MPRegen  0.10/turn              (no ring)

@: no status effects
A: negative energy resistance 1, electricity resistance, unbreathing,
petrification resistance, rot immunity, AC +3
a: no special abilities


You were on level 1 of the Dungeon.
You were not hungry.

You visited 1 branch of the dungeon, and saw 1 of its levels.

You collected 70 gold pieces.

Inventory:

Hand Weapons
 b - a +0 mace (weapon)
Missiles
 d - 39 stones (quivered)
Armour
 a - a +0 robe (worn)
 g - a +0 helmet (worn)
Scrolls
 e - 2 scrolls of remove curse {unknown}
 h - a scroll of identify {unknown}
Comestibles
 c - 2 rations
 f - 5 chunks of flesh


   Skills:
 * Level 2.6 Maces & Flails
 - Level 1.5 Dodging
 - Level 2.1 Stealth
 - Level 2.0 Spellcasting
 - Level 1.1 Conjurations
 - Level 3.0 Poison Magic


You had 5 spell levels left.
You knew the following spells:

 Your Spells              Type           Power        Failure   Level  Hunger
a - Sting                 Conj/Pois      #...         10%         1    #......

Your spell library contained the following spells:

 Spells                   Type           Power        Failure   Level  Hunger
 Mephitic Cloud           Conj/Pois/Air  #.......     36%         3    ###....
 Venom Bolt               Conj/Pois      #.........   95%         5    ######.
 Olgreb's Toxic Radiance  Pois           ##......     54%         4    #####..
 Poisonous Vapours        Pois/Air       #.....       19%         2    ###....


Dungeon Overview and Level Annotations

Branches:
Dungeon (1/15)

Altars:


Innate Abilities, Weirdness & Mutations

You are resistant to torment.
Your stone body is resilient. (AC +3)
You are immune to poison.
You resist negative energy. (rN+)
You are resistant to electric shocks. (rElec)
You can survive without breathing.
You are immune to petrification.
You are immune to rotting.


Message History

There is an open door here.
Eating one of 6 chunks of flesh.
You eat one of the 6 chunks of flesh.
This raw flesh tastes terrible.
You see here a club.
A gnoll comes into view. It is wielding a halberd.
The helpless gnoll fails to defend itself.
You hit the gnoll.
The gnoll is lightly wounded.
The gnoll closely misses you. The gnoll hits you but does no damage.
You barely miss the gnoll.
The gnoll is lightly wounded.
The gnoll hits you with a halberd.
You hit the gnoll but do no damage.
The gnoll is lightly wounded.
The gnoll hits you with a halberd.
You barely miss the gnoll.
The gnoll is lightly wounded.
The gnoll hits you with a halberd!
Ouch! That really hurt!
You die...

.# #.#####
#.#####.≈≈≈≈≈
.# #.....###
###
#..^....≈###≈
.####........
..#
########≈≈≈≈≈
....)...#.###
#.# ###..
.####.#.#.#
#.# . .#
#.....# #.# .#
###.### #.# .#
#..# #g# .#
#.## #@# .#
#.# #.# .# #.#
#.# # #.# #.#
##
##.#########.#
.#
#............#
.#
#..###########
.# #..# .#
#..#


You could see a gnoll.

Vanquished Creatures
  A dart slug (D:1)
  3 bats (D:1)
  4 giant cockroaches (D:1)
  2 goblins (D:1)
  2 hobgoblins (D:1)
  A ball python (D:1)
  5 frilled lizards (D:1)
  2 kobolds (D:1)
  2 rats (D:1)
22 creatures vanquished.

Notes
Turn   | Place    | Note
-------+----------+-------------------------------------------
     0 | D:1      | Supahsalami the Gargoyle Venom Mage began the quest for the Orb.
     0 | D:1      | Reached XP level 1. HP: 10/10 MP: 3/3
   100 | D:1      | Reached skill level 1 in Maces & Flails
   319 | D:1      | Reached XP level 2. HP: 14/15 MP: 5/5
   901 | D:1      | Reached XP level 3. HP: 19/19 MP: 6/6
  1039 | D:1      | Slain by a gnoll

Vault maps used:
D:1:      dpeg_arrival_rooms_b, minivault_11, minmay_crystal_water

Skill      XL: |  1  2 |
---------------+-------+-----
Maces & Flails | 1 2 |  2.6
Dodging        | |  1.5
Stealth        | |  2.1
Spellcasting   | |  2.0
Conjurations   | |  1.1
Poison Magic   | |  3.0

Action                   || total
-------------------------++-------
Melee: Mace              ||    77
 Cast: Sting             ||     5
 Stab: Sleeping          ||     5
  Eat: Chunk             ||     1
Armor: Robe              ||    37
Dodge: Dodged            ||    66

Table legend:
 A = Spawn XP
 B = Non-spawn XP
 C = Spawn XP percentage of total XP
 D = Spawn monster count
 E = Non-spawn monster count
 F = Spawn count percentage of total count
 G = Total turns spent on level
                    A         B        C        D         E        F      G
               +---------+---------+-------+---------+---------+-------+---------
         Total |       0 |      37 |   0.0 |       0 |      22 |   0.0 |  1039
               +---------+---------+-------+---------+---------+-------+---------
           D:1 |       0 |      37 |   0.0 |       0 |      22 |   0.0 |  1039
               +---------+---------+-------+---------+---------+-------+---------
